General information
- name: BNet
- type: Ladder team game (AT/RT)
- host: Battle.net
- saver: HIGHPERCH
map: Highperch
- players: 6
- length: 97:21
- speed: Fast
- version: 1.21 W3XP
- replay type:

» download(358 KB)
Players
team 1 (winner)
ARE_YOU_RATCLIF (
red | 34 APM | 3337 actions | 97:19)
6 Warden
3 Shadow Strike
3 Blink
» actions
| Assign group hotkey | 7 | |
| Basic commands | 122 | |
| Build / train | 122 | |
| Enter build submenu | 67 | |
| Enter hero's abilities submenu | 6 | |
| Give item / drop item | 5 | |
| Remove unit from queue | 13 | |
| Right click | 1889 | |
| Select / deselect | 758 | |
| Use ability | 346 | |
3337 total
» units
| Wisp | 51 | |
| Druid of the Talon | 16 | |
67 total
» upgrades
| Druid of the Talon Training | 2 | |
| Strength of the Wild | 3 | |
| Reinforced Hides | 3 | |
| Ultravision | 1 | |
| Mark of the Talon | 1 | |
| Well Spring | 1 | |
11 total
» buildings
| Altar of Elders | 18 | |
| Moon Well | 15 | |
| Ancient of Wonders | 2 | |
| Tree of Ages | 1 | |
| Tree of Life | 1 | |
| Ancient of Wind | 10 | |
| Tree of Eternity | 1 | |
| Hunter's Hall | 2 | |
| Ancient of War | 3 | |
53 total
» build order
00:19 Altar of Elders
00:38 Moon Well
01:34 Moon Well
02:27 Moon Well
04:05 Moon Well
04:13 Moon Well
04:42 Moon Well
06:29 Moon Well
06:32 Moon Well
06:43 Ancient of Wonders
06:56 Tree of Ages
07:19 Tree of Life
07:39 Moon Well
10:15 Ancient of Wind
10:40 Moon Well
11:53 Moon Well
12:29 Tree of Eternity
12:30 Hunter's Hall
12:42 Ancient of Wind
15:01 Moon Well
83:22 Altar of Elders
83:40 Moon Well
83:45 Moon Well
83:48 Moon Well
84:39 Altar of Elders
85:05 Altar of Elders
85:52 Hunter's Hall
86:17 Ancient of War
86:26 Ancient of War
86:40 Ancient of Wind
86:44 Ancient of Wonders
87:09 Ancient of War
87:12 Ancient of Wind
87:27 Altar of Elders
88:21 Altar of Elders
88:26 Ancient of Wind
88:31 Ancient of Wind
88:36 Ancient of Wind
88:37 Ancient of Wind
88:38 Ancient of Wind
88:44 Ancient of Wind
89:19 Altar of Elders
89:23 Altar of Elders
89:26 Altar of Elders
89:41 Altar of Elders
89:44 Altar of Elders
89:45 Altar of Elders
89:48 Altar of Elders
89:49 Altar of Elders
90:07 Altar of Elders
90:08 Altar of Elders
90:09 Altar of Elders
95:26 Altar of Elders
» items
| Boots of Speed | 1 | |
| Staff of Teleportation | 1 | |
| Tiny Great Hall | 1 | |
| Orb of Lightning | 1 | |
| Lesser Clarity Potion | 1 | |
| Mechanical Critter | 18 | |
23 total
chickenTIMe (
orange | 28 APM | 2694 actions | 97:19)
7 Tauren Chieftain
3 Shockwave
3 Endurance Aura
1 Reincarnation
4 Pit Lord
2 Rain of Fire
2 Cleaving Attack
» actions
| Assign group hotkey | 1 | |
| Basic commands | 11 | |
| Build / train | 49 | |
| Enter build submenu | 50 | |
| Enter hero's abilities submenu | 12 | |
| Give item / drop item | 4 | |
| Right click | 1687 | |
| Select / deselect | 724 | |
| Select group hotkey | 3 | |
| Use ability | 153 | |
2694 total
» units
» upgrades
| Spiked Barricades | 1 | |
| Reinforced Defenses | 1 | |
| Liquid Fire | 1 | |
| Ranged Weapons | 2 | |
5 total
» buildings
| Altar of Storms | 2 | |
| Orc Burrow | 5 | |
| War Mill | 1 | |
| Watch Tower | 31 | |
| Stronghold | 1 | |
| Fortress | 1 | |
| Voodoo Lounge | 1 | |
| Beastiary | 2 | |
44 total
» build order
00:05 Altar of Storms
00:11 Orc Burrow
00:43 War Mill
01:56 Watch Tower
02:12 Watch Tower
03:08 Watch Tower
03:11 Watch Tower
03:58 Watch Tower
04:03 Watch Tower
04:12 Watch Tower
04:52 Watch Tower
05:04 Watch Tower
05:09 Watch Tower
05:26 Stronghold
06:06 Watch Tower
06:24 Watch Tower
06:29 Watch Tower
07:15 Watch Tower
07:24 Watch Tower
07:32 Watch Tower
07:52 Fortress
08:25 Voodoo Lounge
08:41 Beastiary
08:50 Watch Tower
08:55 Watch Tower
09:10 Watch Tower
09:18 Watch Tower
09:52 Beastiary
09:56 Watch Tower
10:25 Watch Tower
11:51 Watch Tower
12:08 Watch Tower
12:15 Watch Tower
12:22 Orc Burrow
13:47 Watch Tower
14:11 Orc Burrow
14:45 Watch Tower
16:19 Orc Burrow
18:08 Watch Tower
18:12 Watch Tower
19:40 Watch Tower
19:52 Watch Tower
31:12 Altar of Storms
31:18 Orc Burrow
» items
| Boots of Speed | 2 | |
| Staff of Teleportation | 2 | |
| Healing Salve | 2 | |
| Orb of Lightning | 2 | |
| Lesser Clarity Potion | 1 | |
| Scroll of Town Portal | 1 | |
10 total
HIGHPERCH (
teal | 46 APM | 4449 actions | 97:21)
6 Archmage
3 Blizzard
2 Brilliance Aura
1 Mass Teleport
» actions
| Assign group hotkey | 11 | |
| Basic commands | 139 | |
| Build / train | 133 | |
| Enter build submenu | 123 | |
| Enter hero's abilities submenu | 6 | |
| Give item / drop item | 1 | |
| Remove unit from queue | 11 | |
| Right click | 2033 | |
| Select / deselect | 953 | |
| Select group hotkey | 587 | |
| Use ability | 449 | |
4449 total
» units
| Peasant | 13 | |
| Dragonhawk Rider | 15 | |
28 total
» upgrades
| Masonry | 3 | |
| Magic Sentry | 1 | |
| Cloud | 1 | |
| Armor | 3 | |
| Swords | 4 | |
| Animal War Training | 1 | |
| Lumber Harvesting | 1 | |
| Well Spring | | |
14 total
» buildings
| Altar of Kings | 1 | |
| Farm | 12 | |
| Lumber Mill | 2 | |
| Scout Tower | 167 | |
| Guard Tower | 72 | |
| Keep | 1 | |
| Town Hall | 1 | |
| Arcane Sanctum | 1 | |
| Castle | 1 | |
| Gryphon Aviary | 3 | |
| Arcane Vault | 2 | |
| Blacksmith | 1 | |
| Barracks | 1 | |
| Arcane Tower | 3 | |
268 total
» build order
00:06 Altar of Kings
00:09 Farm
00:16 Lumber Mill
00:39 Farm
00:57 Scout Tower
01:24 Scout Tower
01:36 Guard Tower
01:50 Scout Tower
01:55 Scout Tower
01:56 Guard Tower
02:09 Scout Tower
02:21 Guard Tower
02:24 Guard Tower
02:33 Scout Tower
02:48 Guard Tower
02:51 Scout Tower
03:06 Guard Tower
03:08 Scout Tower
03:10 Scout Tower
03:10 Scout Tower
03:23 Scout Tower
03:47 Guard Tower
03:51 Scout Tower
04:02 Keep
04:06 Guard Tower
04:16 Guard Tower
04:17 Guard Tower
04:20 Scout Tower
04:22 Scout Tower
04:23 Scout Tower
04:25 Scout Tower
04:26 Scout Tower
04:33 Guard Tower
04:33 Guard Tower
04:59 Guard Tower
05:11 Scout Tower
05:12 Scout Tower
05:13 Scout Tower
05:18 Scout Tower
05:19 Scout Tower
05:20 Scout Tower
05:22 Guard Tower
05:25 Scout Tower
05:26 Scout Tower
05:51 Guard Tower
06:02 Guard Tower
06:03 Scout Tower
06:04 Scout Tower
06:05 Scout Tower
06:22 Guard Tower
06:25 Scout Tower
06:26 Scout Tower
06:26 Scout Tower
06:33 Guard Tower
06:54 Guard Tower
07:02 Guard Tower
07:05 Guard Tower
07:26 Guard Tower
07:52 Guard Tower
08:03 Scout Tower
08:04 Scout Tower
08:06 Scout Tower
08:25 Town Hall
08:27 Guard Tower
08:34 Guard Tower
08:37 Arcane Sanctum
08:52 Guard Tower
09:00 Scout Tower
09:02 Scout Tower
09:03 Scout Tower
09:39 Guard Tower
09:42 Scout Tower
09:43 Scout Tower
10:00 Castle
10:10 Farm
10:19 Guard Tower
10:20 Guard Tower
10:21 Guard Tower
10:28 Guard Tower
10:37 Gryphon Aviary
10:39 Gryphon Aviary
10:42 Gryphon Aviary
10:45 Farm
10:46 Farm
10:58 Guard Tower
11:02 Arcane Vault
11:10 Blacksmith
11:24 Scout Tower
11:24 Scout Tower
11:26 Scout Tower
11:27 Scout Tower
12:28 Guard Tower
12:39 Farm
12:39 Farm
12:48 Farm
12:57 Guard Tower
14:04 Farm
14:05 Farm
14:37 Barracks
15:08 Guard Tower
20:32 Scout Tower
20:36 Scout Tower
20:36 Scout Tower
20:37 Scout Tower
20:38 Scout Tower
20:39 Scout Tower
20:43 Scout Tower
20:48 Scout Tower
21:08 Guard Tower
21:37 Guard Tower
22:32 Guard Tower
22:38 Scout Tower
22:39 Scout Tower
22:47 Scout Tower
22:49 Scout Tower
25:14 Guard Tower
25:30 Scout Tower
25:30 Scout Tower
25:34 Scout Tower
25:36 Scout Tower
25:41 Scout Tower
25:43 Scout Tower
25:45 Scout Tower
25:47 Scout Tower
25:55 Scout Tower
25:56 Scout Tower
25:59 Scout Tower
26:15 Scout Tower
26:28 Guard Tower
26:46 Guard Tower
26:51 Guard Tower
26:54 Scout Tower
26:55 Scout Tower
27:10 Guard Tower
27:14 Scout Tower
27:16 Scout Tower
27:22 Scout Tower
27:37 Guard Tower
27:40 Scout Tower
27:49 Scout Tower
27:56 Scout Tower
28:01 Guard Tower
28:04 Scout Tower
28:05 Scout Tower
28:11 Scout Tower
28:31 Scout Tower
28:33 Scout Tower
28:37 Scout Tower
28:38 Scout Tower
28:40 Guard Tower
28:42 Scout Tower
28:44 Scout Tower
28:57 Guard Tower
29:00 Scout Tower
29:09 Scout Tower
29:26 Guard Tower
29:29 Scout Tower
29:31 Scout Tower
29:33 Scout Tower
29:33 Scout Tower
29:34 Scout Tower
29:38 Guard Tower
29:57 Scout Tower
30:01 Scout Tower
30:08 Scout Tower
30:10 Scout Tower
30:12 Scout Tower
30:26 Guard Tower
30:29 Scout Tower
30:51 Guard Tower
30:57 Scout Tower
30:58 Scout Tower
30:59 Scout Tower
31:02 Guard Tower
31:06 Scout Tower
31:09 Scout Tower
31:14 Guard Tower
32:57 Scout Tower
32:59 Scout Tower
33:00 Scout Tower
33:17 Guard Tower
33:19 Scout Tower
33:20 Scout Tower
33:20 Scout Tower
33:22 Scout Tower
33:31 Scout Tower
33:32 Scout Tower
33:56 Guard Tower
34:03 Guard Tower
34:16 Scout Tower
34:19 Guard Tower
34:21 Scout Tower
34:24 Scout Tower
34:25 Scout Tower
34:26 Scout Tower
34:27 Scout Tower
34:28 Scout Tower
34:33 Guard Tower
34:36 Scout Tower
34:37 Scout Tower
34:37 Scout Tower
34:41 Scout Tower
34:41 Scout Tower
34:42 Scout Tower
34:43 Scout Tower
34:43 Scout Tower
34:44 Scout Tower
34:45 Scout Tower
34:47 Scout Tower
34:48 Scout Tower
35:04 Guard Tower
36:10 Guard Tower
36:17 Scout Tower
36:18 Scout Tower
36:19 Scout Tower
36:21 Scout Tower
36:26 Scout Tower
36:33 Scout Tower
36:35 Scout Tower
36:36 Scout Tower
36:37 Scout Tower
36:40 Guard Tower
36:42 Scout Tower
36:43 Scout Tower
36:45 Scout Tower
37:01 Farm
37:07 Lumber Mill
37:19 Arcane Vault
37:37 Farm
37:49 Guard Tower
37:58 Arcane Tower
37:59 Arcane Tower
38:02 Scout Tower
38:03 Scout Tower
38:34 Guard Tower
38:38 Scout Tower
38:38 Scout Tower
39:26 Guard Tower
39:37 Guard Tower
39:39 Scout Tower
39:41 Scout Tower
39:43 Scout Tower
39:47 Scout Tower
39:48 Scout Tower
39:48 Scout Tower
39:50 Scout Tower
39:55 Arcane Tower
39:57 Scout Tower
39:58 Scout Tower
39:58 Scout Tower
39:59 Scout Tower
40:00 Scout Tower
40:01 Scout Tower
40:02 Scout Tower
40:38 Guard Tower
41:08 Guard Tower
41:15 Scout Tower
41:16 Scout Tower
41:17 Scout Tower
41:20 Scout Tower
41:21 Scout Tower
42:37 Guard Tower
42:39 Guard Tower
43:37 Guard Tower
43:41 Scout Tower
43:43 Scout Tower
44:31 Guard Tower
44:59 Guard Tower
» items
| Boots of Speed | 1 | |
| Staff of Teleportation | 1 | |
| Scroll of Town Portal | 1 | |
| Mechanical Critter | 3 | |
6 total
team 2 (loser)
MoNsTerMasH (
yellow | 12 APM | 1133 actions | 96:43)
4 Firelord
2 Summon Lava Spawn
2 Soul Burn
» actions
| Assign group hotkey | 26 | |
| Basic commands | 14 | |
| Build / train | 59 | |
| ESC pressed | 7 | |
| Enter build submenu | 17 | |
| Enter hero's abilities submenu | 5 | |
| Give item / drop item | 1 | |
| Remove unit from queue | 1 | |
| Right click | 390 | |
| Select / deselect | 428 | |
| Select group hotkey | 106 | |
| Use ability | 79 | |
1133 total
» units
| Peon | 9 | |
| Grunt | 13 | |
| Tauren | 9 | |
| Spirit Walker | 2 | |
| Troll Headhunter/Berserker | 2 | |
35 total
» upgrades
| Armor | 3 | |
| Melee Weapons | 3 | |
| Berserker Strength | 1 | |
| Spirit Walker Training | 2 | |
| Pulverize | 1 | |
| Spiked Barricades | 3 | |
| Reinforced Defenses | 1 | |
14 total
» buildings
| Altar of Storms | 1 | |
| Orc Burrow | 10 | |
| Barracks | 1 | |
| War Mill | 1 | |
| Stronghold | 1 | |
| Voodoo Lounge | 1 | |
| Fortress | 1 | |
| Spirit Lodge | 1 | |
| Tauren Totem | 1 | |
18 total
» build order
00:08 Altar of Storms
00:11 Orc Burrow
00:42 Barracks
01:25 War Mill
02:14 Orc Burrow
03:11 Orc Burrow
04:49 Stronghold
04:53 Voodoo Lounge
05:26 Orc Burrow
07:11 Fortress
07:24 Spirit Lodge
09:45 Tauren Totem
10:16 Orc Burrow
10:40 Orc Burrow
11:44 Orc Burrow
13:28 Orc Burrow
15:45 Orc Burrow
87:17 Orc Burrow
» items
ScottY_PottY (
pink | 16 APM | 1560 actions | 97:05)
6 Pandaren Brewmaster
3 Breath of Fire
2 Drunken Brawler
1 Storm Earth and Fire
» actions
| Basic commands | 26 | |
| Build / train | 72 | |
| Enter build submenu | 24 | |
| Enter hero's abilities submenu | 8 | |
| Give item / drop item | 6 | |
| Remove unit from queue | 2 | |
| Right click | 810 | |
| Select / deselect | 542 | |
| Use ability | 70 | |
1560 total
» units
| Acolyte | 10 | |
| Ghoul | 15 | |
| Frost Wyrm | 6 | |
| Crypt Fiend | 15 | |
46 total
» upgrades
| Creature Attack | 3 | |
| Ghoul Frenzy | 1 | |
| Creature Carapace | 3 | |
| Freezing Breath | 1 | |
| Web | 1 | |
9 total
» buildings
| Crypt | 3 | |
| Ziggurat | 9 | |
| Altar of Darkness | 1 | |
| Tomb of Relics | 1 | |
| Nerubian Tower | 3 | |
| Halls of the Dead | 1 | |
| Graveyard | 1 | |
| Sacrificial Pit | 1 | |
| Black Citadel | 1 | |
| Boneyard | 3 | |
| Spirit Tower | 1 | |
25 total
» build order
00:15 Crypt
00:17 Ziggurat
00:50 Altar of Darkness
00:59 Ziggurat
01:29 Tomb of Relics
02:48 Ziggurat
03:05 Nerubian Tower
04:16 Nerubian Tower
04:59 Halls of the Dead
05:21 Ziggurat
05:44 Graveyard
05:49 Nerubian Tower
07:28 Sacrificial Pit
08:13 Black Citadel
11:28 Boneyard
11:31 Boneyard
11:33 Boneyard
11:45 Ziggurat
11:48 Ziggurat
11:49 Ziggurat
11:51 Ziggurat
11:53 Ziggurat
12:46 Spirit Tower
25:45 Crypt
25:52 Crypt
» items
| Rod of Necromancy | 1 | |
| Periapt of Vitality | 1 | |
2 total
The[FrOZeN]OnE (
green | 14 APM | 1337 actions | 97:19)
4 Keeper of the Grove
2 Entangling Roots
2 Thorns Aura
3 Priestess of the Moon
2 Trueshot Aura
1 Searing Arrows
» actions
| Basic commands | 15 | |
| Build / train | 129 | |
| ESC pressed | 2 | |
| Enter build submenu | 28 | |
| Enter hero's abilities submenu | 8 | |
| Remove unit from queue | 8 | |
| Right click | 704 | |
| Select / deselect | 392 | |
| Use ability | 51 | |
1337 total
» units
| Wisp | 22 | |
| Huntress | 16 | |
| Chimaera | 30 | |
| Dryad | 35 | |
| Druid of the Claw | -2 | |
101 total
» upgrades
| Moon Armor | 0 | |
| Reinforced Hides | 3 | |
| Strength of the Wild | 4 | |
| Corrosive Breath | 1 | |
| Abolish Magic | 1 | |
9 total
» buildings
| Moon Well | 9 | |
| Altar of Elders | 1 | |
| Hunter's Hall | 1 | |
| Ancient of War | 2 | |
| Tree of Ages | 1 | |
| Tree of Eternity | 1 | |
| Ancient of Lore | 5 | |
| Ancient of Wind | 1 | |
| Chimaera Roost | 4 | |
| Ancient Protector | 3 | |
| Tree of Life | 1 | |
29 total
» build order
00:12 Moon Well
00:15 Altar of Elders
00:59 Hunter's Hall
01:46 Ancient of War
01:55 Ancient of War
02:10 Moon Well
02:41 Moon Well
04:16 Moon Well
04:39 Tree of Ages
05:23 Moon Well
07:37 Tree of Eternity
07:48 Ancient of Lore
07:50 Ancient of Lore
08:00 Ancient of Wind
08:11 Ancient of Lore
08:32 Moon Well
10:35 Chimaera Roost
11:22 Chimaera Roost
11:34 Moon Well
12:37 Chimaera Roost
12:43 Chimaera Roost
13:03 Moon Well
13:07 Moon Well
13:27 Ancient Protector
13:45 Ancient Protector
15:06 Tree of Life
18:37 Ancient Protector
25:28 Ancient of Lore
25:37 Ancient of Lore
Chat log
(06:03 / All) MoNsTerMasH: r u fuking shiting me
(06:04 / All) ScottY_PottY: ru serios
(06:16 / All) chickenTIMe: Dont hate the highperch
(06:18 / All) chickenTIMe: hate the game
(06:19 / All) HIGHPERCH: <
(13:05 / All) ScottY_PottY: holy
(13:09 / All) ARE_YOU_RATCLIF: hell
(13:15 / All) HIGHPERCH: yo wasup
(18:03 / All) MoNsTerMasH: uh oh
(18:14 / All) MoNsTerMasH: damit
(28:42 / All) chickenTIMe: hmm
(28:47 / All) chickenTIMe: there is no clear cut winner
(28:51 / All) HIGHPERCH: im out of gold
(28:51 / All) chickenTIMe: when tc and pittlord race
(28:58 / All) chickenTIMe: i have 32 gold lol
(29:00 / All) ScottY_PottY: wtf..
(29:05 / All) ScottY_PottY: i have 67
(29:12 / All) MoNsTerMasH: i got 000000000000000000000000
(29:16 / All) ScottY_PottY: lol
(30:41 / All) ScottY_PottY: dude tammy is so high
(30:44 / All) ScottY_PottY: she called me
(30:48 / All) chickenTIMe: tammy sounds hot
(30:55 / All) chickenTIMe: i did a girl named tammy in the butt
(30:56 / All) MoNsTerMasH: no way
(32:18 / All) ScottY_PottY: fuck u
(32:55 / All) ScottY_PottY: ok now what
(32:58 / All) ScottY_PottY: no more mines
(32:59 / All) chickenTIMe: um
(33:01 / All) ScottY_PottY: ??
(33:01 / All) ARE_YOU_RATCLIF: ur gay
(33:10 / All) chickenTIMe: u shit
(33:12 / All) chickenTIMe: fuck
(33:13 / All) chickenTIMe: um
(33:16 / All) chickenTIMe: well
(33:20 / All) chickenTIMe: we dont have units but
(33:22 / All) chickenTIMe: we have towers
(33:27 / All) HIGHPERCH: im leaving soon
(36:08 / All) chickenTIMe: FUCK
(36:09 / All) chickenTIMe: GUYS
(36:13 / All) chickenTIMe: I SAID PROTECT THE RIGH
(36:16 / All) ScottY_PottY: lol
(36:18 / All) ScottY_PottY: o well
(36:19 / All) chickenTIMe: wow my team is retarded ;_;
(36:24 / All) ScottY_PottY: indeed
(36:25 / All) chickenTIMe: they dont realize we are exposed
(36:28 / All) ScottY_PottY: speically red
(36:37 / All) chickenTIMe: y is he retarded?
(36:43 / All) chickenTIMe: cause he didnt make shit?
(36:45 / All) ScottY_PottY: he had no units
(36:55 / All) ScottY_PottY: and he got wells
(40:12 / All) ScottY_PottY: wells on auto plz
(40:59 / All) ScottY_PottY: wtf
(42:46 / All) ARE_YOU_RATCLIF: now what?
(43:44 / All) ARE_YOU_RATCLIF: we can do it team
(43:52 / All) HIGHPERCH: everybody move to last base
(43:54 / All) ARE_YOU_RATCLIF: its a race for time
(43:55 / All) HIGHPERCH: fuck
(45:08 / All) MoNsTerMasH: looks like its time to play the waiting game
(45:47 / All) ScottY_PottY: how did u et up there?>
(45:57 / All) HIGHPERCH: ???
(46:01 / All) chickenTIMe: oh haha
(46:05 / All) chickenTIMe: the cave
(46:05 / All) HIGHPERCH: the cave
(46:09 / All) ScottY_PottY: wtf
(46:11 / All) ARE_YOU_RATCLIF: cave dood
(46:20 / All) ScottY_PottY: where?
(46:24 / All) chickenTIMe: lmao
(46:26 / All) chickenTIMe: we wont tell
(46:30 / All) chickenTIMe: otherwise youll come up
(46:33 / All) chickenTIMe: its somewhere on the map
(46:42 / All) ScottY_PottY: no shit..
(46:53 / All) ScottY_PottY: its thosse grey buildings?
(47:00 / All) chickenTIMe: no but
(47:03 / All) chickenTIMe: they have a map in them
(47:07 / Allies) chickenTIMe: that tells you where
(47:10 / All) ScottY_PottY: wtf?
(47:10 / All) chickenTIMe: that tells you where
(47:15 / All) chickenTIMe: but im gonna destroy em all
(47:17 / All) chickenTIMe: you wont find it
(47:36 / All) ScottY_PottY: ok
(47:48 / All) MoNsTerMasH: lol wht a joke of a game
(49:03 / All) ScottY_PottY: i think i found the cave
(49:10 / All) chickenTIMe: yeah right where
(49:13 / All) chickenTIMe: i doubt it
(49:19 / All) chickenTIMe: it took us a long time to find
(49:20 / All) HIGHPERCH: i don't see you up here
(49:21 / All) ScottY_PottY: middle of map
(49:23 / All) HIGHPERCH: so you didn't find it
(49:26 / All) chickenTIMe: fuck
(49:31 / All) chickenTIMe: im gonna cave it in
(49:43 / All) HIGHPERCH: haha
(49:44 / All) HIGHPERCH: owned
(49:51 / All) ScottY_PottY: what?
(49:54 / All) chickenTIMe: i think i sealed it
(50:09 / All) ScottY_PottY: how
(50:32 / All) HIGHPERCH: fuck
(50:34 / All) HIGHPERCH: last base...
(50:39 / All) ScottY_PottY: ya right..
(50:52 / Allies) chickenTIMe: yad fishin
(51:31 / All) chickenTIMe: hey guys
(51:38 / All) chickenTIMe: do u like nintendo ds?
(51:39 / All) MoNsTerMasH: hey
(52:11 / All) chickenTIMe: also the cave isnt too easy to find
(52:15 / All) chickenTIMe: its on the bnet forums thou
(52:20 / All) chickenTIMe: thats all i say
(52:31 / All) ScottY_PottY: omfg
(52:33 / All) ScottY_PottY: tell me
(52:38 / All) chickenTIMe: ask on forums
(52:38 / All) HIGHPERCH: paypal me $10
(52:41 / All) HIGHPERCH: i tell
(52:48 / All) ScottY_PottY: r u joking?
(52:50 / All) HIGHPERCH: nope
(53:50 / All) ScottY_PottY: theres no cave
(53:56 / All) chickenTIMe: haha yes there is
(53:57 / All) HIGHPERCH: then you get up here and build a base
(53:59 / All) chickenTIMe: its not really a cave
(54:01 / All) ScottY_PottY: u just mass tp to an are unit
(54:02 / All) chickenTIMe: more like a glitch
(54:07 / All) chickenTIMe: that involes the cave
(54:08 / All) chickenTIMe: um
(54:10 / Allies) chickenTIMe: how?
(54:12 / All) HIGHPERCH: i didn't havbe level 6 until way after
(54:12 / All) chickenTIMe: how?
(54:18 / All) chickenTIMe: our am is level 5
(54:20 / All) ScottY_PottY: tell me!
(54:22 / All) HIGHPERCH: also you can't tp to air
(54:22 / All) chickenTIMe: im telling you its a glitch
(55:08 / All) ScottY_PottY: why wont u tell?
(55:11 / All) chickenTIMe: because
(55:20 / All) HIGHPERCH: it's our secret
(55:20 / All) chickenTIMe: it took us long to figure out
(55:26 / All) ScottY_PottY: u know if we get up there, there is no chance in hell we will win
(55:28 / All) chickenTIMe: you need pittlord tc
(55:36 / All) chickenTIMe: yes u will
(55:38 / All) chickenTIMe: we have no units
(55:38 / All) ARE_YOU_RATCLIF: warden
(55:41 / All) HIGHPERCH: we have 0 gold
(55:43 / All) chickenTIMe: look if you want to know
(55:44 / All) HIGHPERCH: 0 units
(55:46 / All) ScottY_PottY: we have 0
(55:49 / All) ScottY_PottY: u have air
(55:51 / All) chickenTIMe: you can figure it out
(55:51 / All) ScottY_PottY: and towers
(55:53 / All) ScottY_PottY: and heros
(55:54 / All) chickenTIMe: you can sell ud base
(55:57 / All) HIGHPERCH: well
(55:58 / All) HIGHPERCH: in that case
(55:59 / All) HIGHPERCH: owned
(56:07 / All) chickenTIMe: also yads own air
(56:59 / All) chickenTIMe: alright you really want to know?
(57:06 / All) ScottY_PottY: yes
(57:08 / All) ScottY_PottY: please
(57:10 / All) chickenTIMe: theres an exploit
(57:15 / All) chickenTIMe: on the left centaur hutt
(57:16 / All) HIGHPERCH: please don't report us
(57:16 / All) chickenTIMe: on top
(57:20 / All) HIGHPERCH: we could get banned
(57:21 / All) chickenTIMe: you take a tc
(57:21 / All) ScottY_PottY: ya the one u traped
(57:31 / All) chickenTIMe: let him die by the leftmost hutt
(57:36 / All) ScottY_PottY: ya
(57:37 / All) chickenTIMe: and if you do it right
(57:40 / All) chickenTIMe: a zep spawns
(57:44 / All) chickenTIMe: because of the coding
(57:50 / All) HIGHPERCH: zeppelin is next to centaur
(57:51 / All) chickenTIMe: the tc was coded right after the zep
(57:53 / All) HIGHPERCH: in the world editor
(57:58 / All) chickenTIMe: ueaj
(58:00 / All) chickenTIMe: yeah
(58:02 / All) ScottY_PottY: lmao
(58:05 / All) chickenTIMe: so idk why but
(58:09 / All) chickenTIMe: it glitches a zep
(58:12 / All) chickenTIMe: with 1k hp
(58:16 / All) chickenTIMe: i killed the zep
(58:20 / All) ScottY_PottY: sho me zep
(58:22 / All) ScottY_PottY: why?
(58:34 / All) chickenTIMe: i couldnt risk you seeing the zep
(58:39 / All) chickenTIMe: cause then you would look up here
(58:43 / All) ScottY_PottY: o ok
(58:45 / All) HIGHPERCH: if you found the base before it was complete
(58:47 / All) chickenTIMe: we have done this once or twice
(58:48 / All) HIGHPERCH: all would be lost
(58:51 / All) chickenTIMe: before
(58:54 / All) ScottY_PottY: i c
(58:56 / All) HIGHPERCH: we figured this out last week
(58:56 / All) chickenTIMe: we learn from our mistakes
(59:12 / All) ScottY_PottY: how do u let him die?
(59:15 / All) HIGHPERCH: ???
(59:18 / All) chickenTIMe: well creeps kill him
(59:19 / All) HIGHPERCH: shoot it with tower
(59:22 / All) chickenTIMe: its an orange camp
(59:24 / Allies) chickenTIMe: O
(59:26 / All) HIGHPERCH: oh the cnetaur
(59:27 / All) ScottY_PottY: lol
(59:28 / All) chickenTIMe: or you mean zep?
(59:38 / All) ScottY_PottY: sho me the camp
(59:43 / All) chickenTIMe: its top left one
(59:51 / All) chickenTIMe: you have to kill the centaur at the same time the tc dies
(59:56 / All) chickenTIMe: to get the glitch to work
(59:59 / All) ScottY_PottY: wtf?
(60:05 / All) ScottY_PottY: how u do that.
(60:08 / All) chickenTIMe: shockwave
(60:13 / All) chickenTIMe: you gotta time it good
(60:17 / All) ScottY_PottY: oic
(60:20 / All) chickenTIMe: if you mess up
(60:24 / All) HIGHPERCH: it's nearly impossible
(60:25 / All) HIGHPERCH: even in dota
(60:27 / All) chickenTIMe: by that meaning tc dies
(60:32 / All) chickenTIMe: before kiling him
(60:34 / All) chickenTIMe: you just try again
(60:42 / All) chickenTIMe: all you gotta do is bring the sorc down to 50 hp
(60:47 / All) chickenTIMe: and shockwave at like 20 hp
(61:16 / All) ScottY_PottY: thats crazy
(61:19 / All) ScottY_PottY: im reporting
(61:20 / All) chickenTIMe: i know
(61:25 / All) HIGHPERCH: fuck
(61:26 / All) chickenTIMe: pls dont
(61:28 / All) chickenTIMe: pls
(61:29 / All) HIGHPERCH: please don'
(61:30 / All) chickenTIMe: come on man
(61:34 / All) ScottY_PottY: why wouldnt i?
(61:35 / All) HIGHPERCH: we'll leave if you say you won't report
(61:38 / All) ScottY_PottY: thats soo cheap
(61:39 / All) chickenTIMe: we told you
(61:41 / All) chickenTIMe: why?
(61:44 / All) chickenTIMe: you got orc
(61:46 / All) ScottY_PottY: not fair at all
(61:51 / All) chickenTIMe: here
(61:52 / All) chickenTIMe: get a tc
(61:56 / All) chickenTIMe: ill make a centaur
(61:56 / All) ScottY_PottY: lmoa
(62:00 / All) chickenTIMe: from the neutral creep
(62:05 / All) ScottY_PottY: leave and i wont report
(62:09 / All) chickenTIMe: hmmmmmmmmmm
(62:10 / All) chickenTIMe: no
(62:12 / All) chickenTIMe: we need wins
(62:16 / All) HIGHPERCH: murphy
(62:18 / All) HIGHPERCH: let's just leave
(62:19 / All) HIGHPERCH: come on
(62:20 / All) ScottY_PottY: alright if u think 1 win is worth whole act
(62:20 / All) chickenTIMe: we are in tgx
(62:24 / All) ScottY_PottY: be my guest
(62:26 / All) chickenTIMe: clan tgx
(62:29 / All) chickenTIMe: ok you ban us
(62:29 / All) HIGHPERCH: MURPHY
(62:31 / All) HIGHPERCH: LETS GO
(62:32 / All) chickenTIMe: u get shit with tgx
(62:37 / All) chickenTIMe: FUCK THIS
(62:43 / All) ScottY_PottY: sorry dudes
(62:45 / All) chickenTIMe: THESE GUYS WANT TO BEEF WITH TGX
(62:48 / All) ScottY_PottY: whats done gots to be done
(62:50 / All) chickenTIMe: IT ON
(62:52 / All) chickenTIMe: U AINT SHIT
(62:55 / All) chickenTIMe: TGX>>>>> U
(62:57 / All) HIGHPERCH: how you going to report
(63:05 / All) chickenTIMe: lmao these guys gonna report
(63:14 / All) ScottY_PottY: yeah i am
(63:18 / All) chickenTIMe: ok
(63:23 / All) chickenTIMe: all of tgx will be against you
(63:31 / All) ScottY_PottY: i dont care..
(63:31 / All) chickenTIMe: ALL of tgx
(63:37 / All) chickenTIMe: we are like the biggest clan on east
(63:49 / All) chickenTIMe: we run a lot of custom games too...
(63:54 / All) chickenTIMe: ill have you blackbaled
(63:54 / All) ScottY_PottY: so
(63:57 / All) chickenTIMe: Blackballed
(64:00 / All) ScottY_PottY: i dont play custom
(64:05 / All) ScottY_PottY: this is my fuck around acct too
(64:11 / All) ScottY_PottY: so i rele couldnt care less
(65:01 / All) ScottY_PottY: so what should i call this rep[lay?
(65:10 / All) HIGHPERCH: scotty potty: defeated terribly
(65:42 / All) ScottY_PottY: got any good reporting names?
(65:48 / All) HIGHPERCH: ????
(65:55 / All) chickenTIMe: i was gonna make a centaur
(65:56 / All) ScottY_PottY: for this replay?
(66:04 / All) The[FrOZeN]OnE: yes
(66:06 / All) chickenTIMe: how bout snitches get stitches
(66:10 / All) chickenTIMe: snitch
(66:14 / All) ScottY_PottY: sure
(66:16 / All) HIGHPERCH: pls don't post this replay on the blizzard forums
(66:21 / All) chickenTIMe: pls
(66:25 / All) ScottY_PottY: i definetly am
(66:27 / Allies) chickenTIMe: tgx cant risk that
(66:28 / All) HIGHPERCH: fuck you
(66:29 / All) The[FrOZeN]OnE: oh i will
(66:32 / All) chickenTIMe: Tgx cant risk that
(66:34 / All) chickenTIMe: ok im sorry
(66:37 / All) chickenTIMe: you arent black listed
(66:43 / All) chickenTIMe: ill give you inv to tgx
(66:44 / All) ScottY_PottY: then leave and all will be cool
(66:46 / All) chickenTIMe: come to clan tgx
(66:49 / All) ScottY_PottY: no
(66:49 / All) chickenTIMe: shit pls
(66:50 / All) HIGHPERCH: i'm sorry
(66:51 / All) HIGHPERCH: i can't do that
(66:52 / All) chickenTIMe: we got a rep on tgx
(66:53 / All) ScottY_PottY: im chief of my own clan
(66:54 / Allies) chickenTIMe: on bnet
(66:56 / All) HIGHPERCH: i need this game
(66:58 / All) chickenTIMe: on bnet forum
(67:02 / All) ScottY_PottY: rele is it that important
(67:04 / All) chickenTIMe: i cant leave
(67:05 / All) ScottY_PottY: this little game
(67:09 / All) chickenTIMe: we are almost number 3
(67:10 / All) ScottY_PottY: worth ur whole acct
(67:11 / All) chickenTIMe: in 3s
(67:15 / All) chickenTIMe: fuck man pls
(67:17 / All) The[FrOZeN]OnE: leave now
(67:17 / All) chickenTIMe: dont do this man
(67:18 / All) chickenTIMe: pls
(67:18 / All) ScottY_PottY: ull need to go out and buy new cd key..
(67:21 / All) chickenTIMe: fuck
(67:25 / All) chickenTIMe: no
(67:29 / All) chickenTIMe: its worth the cd key
(67:34 / All) chickenTIMe: my war3 pride
(67:36 / All) chickenTIMe: will live on
(67:37 / All) HIGHPERCH: damn it that's like $60
(67:39 / All) ScottY_PottY: wow
(67:43 / All) The[FrOZeN]OnE: fine blizzard goin yo know all about upi
(67:44 / All) ScottY_PottY: pathetic
(67:50 / All) chickenTIMe: you know what
(67:51 / All) ScottY_PottY: wont even leave for 60$
(67:52 / All) chickenTIMe: report us
(67:56 / All) chickenTIMe: just dont post
(68:01 / All) ScottY_PottY: o i am
(68:02 / All) chickenTIMe: on bnet forums
(68:04 / All) ScottY_PottY: suck my cock
(68:05 / All) HIGHPERCH: we dont want our rep fucked up
(68:06 / All) chickenTIMe: We got a rep there
(68:07 / All) HIGHPERCH: god damn you
(68:10 / All) The[FrOZeN]OnE: i kno people
(68:12 / All) chickenTIMe: come on man
(68:16 / All) ScottY_PottY: we got rep too
(68:18 / All) chickenTIMe: this is lose/lose
(68:21 / All) chickenTIMe: we lose our rep is ruine
(68:28 / All) chickenTIMe: if we win our rep is ruine
(68:33 / All) ScottY_PottY: CLAN TGX CAUGHT CHEATING / GLITCHING IN ORDER TO WIN!
(68:34 / All) chickenTIMe: man come on its just a game
(68:34 / All) The[FrOZeN]OnE: u fucked the wrong bull this time
(68:37 / All) chickenTIMe: pls dont make this
(68:43 / All) ScottY_PottY: its just a game.
(68:43 / All) chickenTIMe: a personal thing
(68:46 / All) ScottY_PottY: leave then
(68:53 / All) The[FrOZeN]OnE: then leave and it wont be
(68:54 / All) ScottY_PottY: its beyonde personal
(69:06 / All) chickenTIMe: no man
(69:08 / All) ScottY_PottY: ok who ever has to leave last needs to make descition
(69:11 / All) The[FrOZeN]OnE: fine
(69:11 / All) chickenTIMe: if we leave we get a loss
(69:18 / All) ScottY_PottY: if i were u id leave first
(69:20 / All) chickenTIMe: we are trying to break the world 3's record
(69:22 / All) ScottY_PottY: get out wile u still can
(69:29 / All) chickenTIMe: listen man
(69:32 / All) chickenTIMe: i refuse
(69:37 / All) chickenTIMe: im following my heart
(69:38 / All) ScottY_PottY: alright then
(69:41 / All) chickenTIMe: my heart says keep fighting
(69:43 / All) chickenTIMe: im sorry
(69:46 / All) ScottY_PottY: fallow ur cheating heart
(69:50 / All) chickenTIMe: i got the blood of the warrior
(69:57 / All) ScottY_PottY: Lmao get a life
(70:04 / All) chickenTIMe: it ruins throught my veins
(70:05 / All) HIGHPERCH: the real cheater here
(70:06 / All) HIGHPERCH: is you
(70:07 / All) chickenTIMe: BUM BUM
(70:07 / All) ScottY_PottY: it wont matter once ur account is disbannded
(70:08 / All) chickenTIMe: BUM BUM
(70:09 / All) HIGHPERCH: scotty
(70:12 / All) ScottY_PottY: along with ur clan
(70:12 / All) HIGHPERCH: stop cheating
(70:15 / All) The[FrOZeN]OnE: so fine be banned and lose acct now thats funny
(70:16 / All) ScottY_PottY: onlong with ur rep
(70:21 / All) chickenTIMe: u kno what
(70:26 / All) chickenTIMe: i will go down in history
(70:32 / All) chickenTIMe: as the proudest war3 player
(70:36 / All) ScottY_PottY: ahah im sure
(70:40 / All) ScottY_PottY: the cheat
(70:44 / All) The[FrOZeN]OnE: rofl as being banned
(70:44 / All) ScottY_PottY: chickenTIME
(71:01 / All) ScottY_PottY: world famous glitcher.. because hes a newb and cant win
(71:05 / All) chickenTIMe: come on man
(71:10 / All) ScottY_PottY: come on man
(71:11 / All) chickenTIMe: can we just forget about this
(71:12 / All) ScottY_PottY: leave
(71:15 / All) ScottY_PottY: ya once u leave
(71:20 / All) chickenTIMe: look man just make a zep
(71:29 / All) chickenTIMe: its got heavy armor
(71:30 / All) ScottY_PottY: no im not cheating
(71:34 / All) chickenTIMe: and 1k hp
(71:36 / All) ScottY_PottY: ull have dirt on me
(71:37 / All) ScottY_PottY: no way
(71:40 / All) ScottY_PottY: are u kidding
(71:41 / All) The[FrOZeN]OnE: no u will be fuckin banned all ur accs
(71:48 / All) ScottY_PottY: ahahahah
(71:49 / All) chickenTIMe: come on man
(71:50 / All) ScottY_PottY: ahhahahaha
(71:51 / All) The[FrOZeN]OnE: and ur shitty clan
(71:54 / All) chickenTIMe: lmao
(71:56 / All) ScottY_PottY: just leave and ill forget about it
(71:59 / All) chickenTIMe: clan tgx is ranked number 1
(72:01 / All) chickenTIMe: on east
(72:05 / All) ScottY_PottY: alright
(72:06 / All) chickenTIMe: 1 v 1 after this?
(72:07 / Allies) chickenTIMe: we win
(72:09 / All) ScottY_PottY: u wanna ruin that>
(72:10 / All) The[FrOZeN]OnE: noy for long
(72:12 / All) chickenTIMe: you dont report
(72:14 / All) chickenTIMe: you win
(72:16 / All) chickenTIMe: you report
(72:17 / All) ScottY_PottY: no way
(72:18 / All) chickenTIMe: in the 1 v 1
(72:19 / All) ScottY_PottY: leave
(72:20 / All) HIGHPERCH: hey you guys
(72:22 / All) ScottY_PottY: we dont report
(72:26 / All) ScottY_PottY: win we report
(72:26 / All) HIGHPERCH: have ventrilo?
(72:32 / All) ScottY_PottY: i used too
(72:34 / All) HIGHPERCH: we can maybe discuss this
(72:35 / All) HIGHPERCH: on vent
(72:38 / All) chickenTIMe: we can talk this out
(72:38 / All) ScottY_PottY: nah
(72:42 / All) HIGHPERCH: negotiate?
(72:45 / All) ScottY_PottY: no
(72:47 / All) ScottY_PottY: leave
(72:48 / All) ScottY_PottY: now
(72:54 / All) The[FrOZeN]OnE: leave
(72:57 / All) MoNsTerMasH: ya
(73:00 / All) chickenTIMe: come on man
(73:01 / All) ScottY_PottY: dude we got alot of dirt on u
(73:02 / All) chickenTIMe: we need the win
(73:03 / All) MoNsTerMasH: no
(73:07 / All) ScottY_PottY: u said uve done this b4
(73:08 / All) HIGHPERCH: ha ha a lot of "dirt"
(73:17 / All) ScottY_PottY: thats not good
(73:17 / All) HIGHPERCH: man
(73:24 / All) HIGHPERCH: you want to settle this?
(73:24 / All) The[FrOZeN]OnE: leave or suffer
(73:28 / All) HIGHPERCH: let's settle this like men
(73:29 / All) chickenTIMe: yeah and those guys didnt report us
(73:31 / All) HIGHPERCH: wher eyou guy slive
(73:32 / All) chickenTIMe: like bitches
(73:41 / All) ScottY_PottY: lmao
(73:42 / All) ScottY_PottY: dude
(73:45 / All) ScottY_PottY: give it up
(73:51 / All) ScottY_PottY: im reporting uless u leave
(74:03 / All) ScottY_PottY: so dont even try anything
(74:06 / All) ScottY_PottY: simple as that
(74:12 / All) ScottY_PottY: ima go watch some tv now
(74:15 / All) ScottY_PottY: and when i come back
(74:20 / All) ScottY_PottY: it better say victorie
(74:22 / All) The[FrOZeN]OnE: ill get on the phone right now as a matter of fact
(74:22 / All) ScottY_PottY: or else
(74:25 / All) ScottY_PottY: u know the drill
(74:34 / All) chickenTIMe: with who?
(74:40 / All) ScottY_PottY: bye bye mr amazing account
(74:44 / All) HIGHPERCH: what the fuck
(74:44 / All) chickenTIMe: come on pls
(74:46 / All) HIGHPERCH: who are you calling
(74:47 / All) The[FrOZeN]OnE: bliz
(74:47 / All) ScottY_PottY: bye bye #1 clan
(74:47 / All) chickenTIMe: who on the phone?
(74:49 / All) chickenTIMe: FUCK
(74:50 / All) chickenTIMe: wait
(74:51 / All) chickenTIMe: WAT
(74:53 / All) HIGHPERCH: god damn it
(74:53 / All) HIGHPERCH: dont
(74:56 / All) chickenTIMe: we arent leaving
(74:56 / All) ScottY_PottY: Tech support line
(74:57 / All) chickenTIMe: but
(74:58 / All) chickenTIMe: dont call
(75:01 / Allies) ARE_YOU_RATCLIF: dont
(75:06 / All) The[FrOZeN]OnE: dialin
(75:09 / All) ARE_YOU_RATCLIF: dont
(75:12 / All) ScottY_PottY: ha same
(75:16 / All) The[FrOZeN]OnE: i have all ur names
(75:17 / All) ScottY_PottY: we going three way
(75:22 / All) ScottY_PottY: wtf...
(75:24 / All) ScottY_PottY: holding..
(75:42 / All) ScottY_PottY: dude just this chat log is enough to get them banned like a bitch
(75:47 / All) chickenTIMe: f u
(75:49 / All) chickenTIMe: ill wipe it
(75:57 / All) ScottY_PottY: uhhh good luck with that
(76:00 / All) HIGHPERCH: you'll post it on the bnet forums
(76:00 / All) chickenTIMe: i got chat log swap v3.1
(76:02 / All) ScottY_PottY: i have that on the log too
(76:04 / All) HIGHPERCH: and in the morning
(76:06 / All) HIGHPERCH: it will be gone
(76:07 / All) HIGHPERCH: trust me
(76:09 / All) HIGHPERCH: i know people
(76:13 / All) chickenTIMe: err chat log swipe v3.1 i mean
(76:14 / All) ScottY_PottY: ahah trust me
(76:16 / All) ScottY_PottY: me too
(76:27 / All) ScottY_PottY: op off hold
(76:32 / All) ScottY_PottY: so whats it gunna be
(76:34 / All) chickenTIMe: yo
(76:38 / All) chickenTIMe: tgx knows mods
(76:40 / All) MoNsTerMasH: leave
(76:42 / All) chickenTIMe: on bnet forums
(76:43 / All) ScottY_PottY: so should i tell them about that log swipe thing too?
(76:45 / All) chickenTIMe: trust me
(76:47 / All) chickenTIMe: ur rep is fucked
(76:47 / All) HIGHPERCH: man
(76:50 / All) HIGHPERCH: do whatever you want now
(76:51 / All) chickenTIMe: fuck man
(76:56 / All) chickenTIMe: they know about the chat log swipe
(76:57 / All) ScottY_PottY: lol
(76:59 / All) ScottY_PottY: up too u
(77:06 / All) ScottY_PottY: how many games have u guys won?
(77:12 / All) HIGHPERCH: by doing this? 20-30
(77:12 / All) The[FrOZeN]OnE: we'll save all the recs
(77:13 / All) chickenTIMe: 123
(77:14 / All) HIGHPERCH: at least
(77:18 / All) chickenTIMe: 123 total
(77:21 / All) chickenTIMe: 15 losses
(77:26 / All) ScottY_PottY: ok i mean as a team
(77:27 / All) chickenTIMe: we are goin for the best 3s record
(77:29 / All) ScottY_PottY: what level r u
(77:33 / All) chickenTIMe: 31
(77:36 / All) ScottY_PottY: rele
(77:42 / All) MoNsTerMasH: no ur not
(77:43 / All) chickenTIMe: im tellin u
(77:48 / All) MoNsTerMasH: ur 17
(77:54 / All) The[FrOZeN]OnE: so take a loss then
(77:59 / All) chickenTIMe: mb idk
(77:59 / All) ScottY_PottY: ok then u should leave now since ur not that close too it
(78:01 / All) chickenTIMe: exp decay
(78:03 / All) chickenTIMe: last time i checked
(78:07 / All) chickenTIMe: it was 31
(78:09 / All) ScottY_PottY: well dude listen
(78:15 / All) chickenTIMe: dood
(78:18 / All) ScottY_PottY: if this one game u left...
(78:18 / All) chickenTIMe: how do i know
(78:22 / All) chickenTIMe: if i leave
(78:25 / All) chickenTIMe: ull report anyway
(78:30 / All) chickenTIMe: i got friends on bnet forums
(78:32 / All) The[FrOZeN]OnE: no we wont
(78:34 / All) ScottY_PottY: no dude i def. wont
(78:35 / All) chickenTIMe: theyll make this dissapear
(78:37 / All) ScottY_PottY: id love u
(78:54 / All) ScottY_PottY: ahah too bad ii know programmers
(78:55 / All) ScottY_PottY: bud
(78:58 / All) ScottY_PottY: so sit back down
(79:01 / All) ScottY_PottY: take a seat
(79:05 / All) chickenTIMe: o yeah
(79:10 / All) chickenTIMe: i know jerry scoff
(79:14 / All) chickenTIMe: he worked on this game
(79:17 / All) chickenTIMe: he made this map
(79:23 / All) chickenTIMe: thats how i know how to do this
(79:24 / All) ScottY_PottY: o boy
(79:29 / All) ScottY_PottY: BUT DUDE
(79:38 / All) The[FrOZeN]OnE: talkin to rep...
(79:47 / All) chickenTIMe: we arent leavin
(79:52 / All) chickenTIMe: im gonna call jerry
(79:54 / Allies) chickenTIMe: or jer
(79:56 / All) chickenTIMe: or jer
(79:58 / All) chickenTIMe: as i call him
(80:07 / All) ScottY_PottY: JUST BECAUSE4 U KNOW THE GUY DONT MEAN HE WILL BE PLEASED THAT U REVEALING HIS SECRET
(80:27 / All) chickenTIMe: jerry scoff lmao is pretty important
(80:32 / All) chickenTIMe: hes got a lot of say in blizzard
(80:37 / All) ScottY_PottY: SO HE WILL BE PISSED
(80:38 / All) chickenTIMe: also hes my godfather
(80:39 / All) The[FrOZeN]OnE: y cant u just play the game 4 wat it is
(80:40 / All) chickenTIMe: nah
(80:51 / All) chickenTIMe: im sure he wont care
(81:12 / All) ScottY_PottY: of corse..
(81:23 / All) chickenTIMe: listen man
(81:26 / All) ScottY_PottY: dude honestly whats one loss
(81:28 / All) chickenTIMe: i could pull some strings
(81:34 / All) chickenTIMe: jerr could ban ur accounts...
(81:35 / All) ScottY_PottY: just pull plugs on ur comp
(81:37 / All) chickenTIMe: he prob could
(81:41 / All) chickenTIMe: he would use mapmaker
(81:41 / All) ScottY_PottY: lmao for what
(81:45 / All) ScottY_PottY: reporting u?
(81:47 / All) chickenTIMe: and make it look like your cheating
(81:51 / All) chickenTIMe: hes good with that
(81:54 / All) ScottY_PottY: ahah im sure
(81:55 / All) chickenTIMe: he would do it for me
(82:04 / All) chickenTIMe: hey if he has the evidence
(82:06 / All) ScottY_PottY: we made froosties and chims
(82:11 / All) ScottY_PottY: CHEATINF MY ASS
(82:15 / All) chickenTIMe: leave now and i wont do that
(82:19 / All) ScottY_PottY: ahah shut up
(82:21 / All) ScottY_PottY: sit down
(82:22 / All) chickenTIMe: he will make it look like you cheated
(82:25 / All) chickenTIMe: ok
(82:27 / All) ScottY_PottY: dude
(82:27 / All) chickenTIMe: last warning
(82:28 / All) ScottY_PottY: save it
(82:37 / All) ScottY_PottY: go suck jerrt's cock
(82:59 / All) ScottY_PottY: alright guys
(83:05 / All) chickenTIMe: are you still talking to tech support?
(83:05 / All) ScottY_PottY: im leaving in about 1 min
(83:09 / All) chickenTIMe: if you dont believe me
(83:09 / All) HIGHPERCH: hahahahhaha
(83:13 / All) chickenTIMe: ask them about jerry scoff
(83:16 / All) ScottY_PottY: and im reporting to everthing i can think of
(83:18 / All) chickenTIMe: they will tell you
(83:35 / All) ScottY_PottY: thats what the guy on the phone told me to do
(83:39 / All) ScottY_PottY: soo peace out
(83:47 / All) ScottY_PottY: check the forums tommorw
(83:51 / All) ScottY_PottY: see what happens
(84:00 / All) chickenTIMe: are you gonna post replay on bnet forums?
(84:08 / All) ScottY_PottY: sure
(84:11 / All) ScottY_PottY: why not
(84:13 / All) HIGHPERCH: please don't
(84:17 / All) ScottY_PottY: look
(84:19 / All) chickenTIMe: meet us in clan tgx after this
(84:21 / All) ScottY_PottY: please leave
(84:28 / All) ScottY_PottY: ha no
(84:31 / All) ScottY_PottY: why would i
(84:44 / All) chickenTIMe: ill make you shaman
(84:49 / All) ScottY_PottY: ha im a chief
(84:50 / All) chickenTIMe: just dont post replay on forums
(84:51 / All) chickenTIMe: my rep
(84:52 / All) ScottY_PottY: so w.e
(84:53 / All) chickenTIMe: is on the line
(84:57 / All) chickenTIMe: look man
(84:59 / All) ScottY_PottY: then leave
(85:02 / All) ScottY_PottY: big woops
(85:04 / All) chickenTIMe: theres people who look up to me
(85:05 / All) ScottY_PottY: one loss
(85:07 / All) ScottY_PottY: o boy!
(85:10 / Allies) chickenTIMe: if they find out about this
(85:15 / All) chickenTIMe: if they find out about this
(85:21 / All) chickenTIMe: im letting a lot of people down
(85:24 / All) ScottY_PottY: dude i dont care
(85:31 / All) ScottY_PottY: then leave
(85:31 / All) chickenTIMe: look man
(85:34 / All) ScottY_PottY: save ur rep
(85:36 / All) chickenTIMe: i live in new orleans
(85:38 / All) ScottY_PottY: save ur clan
(85:41 / All) ScottY_PottY: save ur account
(85:46 / All) MoNsTerMasH: and leave
(85:48 / All) chickenTIMe: im representing all the victims
(85:52 / All) chickenTIMe: of hurrican katrina
(85:54 / All) chickenTIMe: pls dont
(86:00 / All) ScottY_PottY: lmao i caused that hurricane biutch
(86:01 / All) chickenTIMe: this is not about us
(86:07 / All) ScottY_PottY: stfu
(86:10 / All) ScottY_PottY: u faggit
(86:10 / All) chickenTIMe: W O W
(86:15 / All) ScottY_PottY: i live in sri lanka
(86:19 / All) ScottY_PottY: so suck it
(87:13 / All) ScottY_PottY: u guys could have one like 3 more games byu now
(87:20 / All) chickenTIMe: so
(87:29 / All) chickenTIMe: we like to have 100% control
(87:31 / All) chickenTIMe: over games
(87:39 / All) ScottY_PottY: how so
(87:46 / All) ScottY_PottY: do u know like everything of everymap
(87:49 / All) HIGHPERCH: yes
(87:55 / All) ScottY_PottY: ok tell me
(88:34 / All) ScottY_PottY: let me in on secrets
(88:40 / All) chickenTIMe: like waht?
(88:46 / All) chickenTIMe: on the war3 game?
(88:49 / All) chickenTIMe: theres tons of hidden shit
(88:50 / All) ScottY_PottY: like how u have 100% control
(88:56 / All) chickenTIMe: alot of people dotn know about
(89:02 / All) chickenTIMe: ill let you in on some inside stuff
(89:08 / All) chickenTIMe: if you dont report
(89:09 / All) ScottY_PottY: alright
(89:19 / All) chickenTIMe: ok you know treasure isle?
(89:20 / All) ScottY_PottY: sounds good
(89:25 / All) ScottY_PottY: yeah
(89:26 / All) chickenTIMe: if you destroy the trees in the top right corner
(89:34 / All) chickenTIMe: it spawns a spell immunity amulet
(89:40 / All) ScottY_PottY: mhm
(89:41 / All) chickenTIMe: you just get there with a bm and a zep
(89:43 / All) chickenTIMe: bloodmage
(89:51 / All) ScottY_PottY: ya
(89:55 / All) chickenTIMe: you know the amulet from roc?
(89:57 / Allies) chickenTIMe: its that one
(90:00 / All) ScottY_PottY: no?
(90:03 / All) ScottY_PottY: o ya
(90:08 / All) ScottY_PottY: another trick?
(90:10 / All) chickenTIMe: oh back in roc they had a spell immunity amulet
(90:11 / All) chickenTIMe: yeah
(90:19 / All) chickenTIMe: thats why jerry scoff called it treasure isle
(90:25 / All) chickenTIMe: cause theres real treasure hahah
(90:26 / All) ScottY_PottY: oic
(90:36 / All) ScottY_PottY: tell me more
(91:00 / All) ScottY_PottY: dude this is too long
(91:14 / All) chickenTIMe: u know turtle rock?
(91:15 / All) ScottY_PottY: ok not enough tricks
(91:20 / All) ScottY_PottY: yes
(91:22 / All) chickenTIMe: if you get turtle creeps
(91:26 / All) chickenTIMe: you get like 3
(91:30 / All) chickenTIMe: and sorround the tavern
(91:35 / Allies) chickenTIMe: you can get a turtle hero
(91:38 / All) ScottY_PottY: wtf?
(91:40 / All) chickenTIMe: you can get a turtle hero
(91:42 / All) chickenTIMe: but like
(91:44 / All) ScottY_PottY: huh?
(91:48 / All) chickenTIMe: its just a really strong turtle
(91:50 / All) chickenTIMe: with mk moves
(91:55 / Allies) chickenTIMe: it even talks like the mk
(92:00 / All) ScottY_PottY: ok so u buy turtles?
(92:02 / All) chickenTIMe: it even talks like the mk
(92:04 / All) The[FrOZeN]OnE: i've saved all the mess. thanks to print screen lmao
(92:04 / All) chickenTIMe: yeah
(92:13 / All) chickenTIMe: just sorround them around the tavern
(92:26 / All) chickenTIMe: Also im not telling anymore secrets
(92:32 / All) chickenTIMe: cause green is gonna report so
(92:35 / All) ScottY_PottY: ok
(92:36 / All) The[FrOZeN]OnE: let me get ur email chicken so i can send to copy to u too
(92:38 / All) chickenTIMe: there are tons more but
(92:42 / All) ScottY_PottY: Peace out
(92:42 / All) HIGHPERCH: kerr.tyler@gmail.com
(92:52 / All) chickenTIMe: whats ur bnet forums name?
(92:58 / All) ScottY_PottY: Ha nvm that
(93:10 / All) chickenTIMe: u gonna post?
(93:13 / All) chickenTIMe: dont be gay dude
(93:18 / All) The[FrOZeN]OnE: i have over 40 print screens
(93:26 / All) ScottY_PottY: lmao
(93:28 / All) ScottY_PottY: ouch
(93:29 / All) chickenTIMe: look pls
(93:31 / All) chickenTIMe: fine
(93:33 / All) chickenTIMe: We arent leaving
(93:35 / All) ScottY_PottY: i just had to keep u here long enough
(93:47 / All) ScottY_PottY: well kill our shit then?
(93:50 / All) The[FrOZeN]OnE: got em all while u were beggin for ur "rep"
(94:00 / All) The[FrOZeN]OnE: btw, that's gone now
(94:09 / All) ScottY_PottY: whats gone?
(94:09 / All) chickenTIMe: nah man
(94:13 / All) chickenTIMe: my word over yours
(94:21 / All) chickenTIMe: i got a shitton of people behind me
(94:24 / All) ScottY_PottY: dude wtf?
(94:29 / All) The[FrOZeN]OnE: i got more
(94:30 / All) chickenTIMe: well ill be in clan tgx after this
(94:35 / All) chickenTIMe: i got jerry scoff
(94:37 / All) chickenTIMe: behind me
(94:39 / All) ScottY_PottY: how u get wardens like that
(94:48 / All) chickenTIMe: wardens like waht?
(94:48 / All) HIGHPERCH: its another thing
(94:50 / All) HIGHPERCH: Unlimited heroes
(94:53 / All) HIGHPERCH: at level 6
(94:54 / All) ScottY_PottY: wtf?
(94:57 / All) chickenTIMe: oh yeah haha
(94:58 / All) chickenTIMe: wiat
(94:59 / All) The[FrOZeN]OnE: if u got so many peeps why cant u just leave and have them fix ur shit
(95:01 / All) chickenTIMe: no more secrets
(95:04 / All) ScottY_PottY: ahah
(95:05 / All) chickenTIMe: these guys are reporting us
(95:06 / All) ScottY_PottY: ya leave
(95:08 / All) HIGHPERCH: we don't want to owe them one
(95:12 / All) chickenTIMe: lmao i have every single tavern hero up here
(95:14 / All) The[FrOZeN]OnE: like u said, nuttin to worry about, right
(95:17 / All) chickenTIMe: all level 6
(95:35 / All) The[FrOZeN]OnE: that DOESNT MEAN SHIZ RIGHT NOW
(95:38 / All) ScottY_PottY: no u dont
(95:42 / All) The[FrOZeN]OnE: dont u get it
(95:46 / All) ScottY_PottY: u cant get them up there
(96:46 / All) ScottY_PottY: alright we got all we need
(96:47 / All) ScottY_PottY: peace
(96:52 / All) chickenTIMe: clan tgx
(96:54 / All) chickenTIMe: to talk
(96:55 / All) chickenTIMe: pls
(96:55 / All) ScottY_PottY: ok..
(96:57 / All) chickenTIMe: dont report
(97:00 / All) ScottY_PottY: i am
(97:03 / All) ScottY_PottY: right now
(97:04 / All) ScottY_PottY: bye
(97:07 / All) HIGHPERCH: if that dont work what chan?
(97:13 / All) The[FrOZeN]OnE: time to start crying
(97:18 / All) HIGHPERCH: .........
(97:19 / All) chickenTIMe: meet u in lljk